 Dungeon Crawl Stone Soup version 0.23.1 (webtiles) character file.

Game seed: 11913616242218839247

23 Wonka the Shield-Bearer (level 2, -8/21 HPs)
             Began as an Octopode Fighter on Mar 17, 2019.
             Mangled by a gnoll
             ... wielding a +0 spear
              (10 damage)
             ... on level 2 of the Dungeon.
             The game lasted 00:01:04 (889 turns).

Wonka the Shield-Bearer (Octopode Fighter)           Turns: 889, Time: 00:01:04

Health: -8/21      AC:  1    Str: 15    XL:     2   Next: 95%
Magic:  2/2        EV: 11    Int: 10    God:
Gold:   29         SH:  8    Dex: 11    Spells: 1/1 levels left

rFire    . . .     SeeInvis .   f - +1 short sword (venom)
rCold    . . .     Gourm    .   b - +0 shield
rNeg     . . .     Faith    .   (helmet restricted)
rPois    .         Spirit   .   (no amulet)
rElec    .         Reflect  .   (no ring)
rCorr    .         Harm     .   (no ring)
MR       .....                  (no ring)
Stlth    ++........             (no ring)
HPRegen  0.07/turn              (no ring)
MPRegen  0.08/turn              (no ring)
                                (no ring)
                                (no ring)

@: no status effects
A: almost no armour, stealthy swim, amphibious, 8 rings, constrict 8, camouflage
1, gelatinous body 1
a: no special abilities


You were on level 2 of the Dungeon.
You were not hungry.

You visited 1 branch of the dungeon, and saw 2 of its levels.

You collected 29 gold pieces.

Inventory:

Hand Weapons
 a - a +0 trident
 f - a +1 short sword of venom (weapon)
Armour
 b - a +0 shield (worn)
Scrolls
 g - 3 scrolls of teleportation {unknown}
 h - a scroll of remove curse {unknown}
 i - 2 scrolls of identify {unknown}
 k - 2 scrolls of immolation {unknown}
 n - a scroll of random uselessness {unknown}
Potions
 c - a potion of might
 e - a potion of invisibility {unknown}
 j - a potion of curing {unknown}
 m - a potion of agility {unknown}
 o - a potion of heal wounds {unknown}
Comestibles
 d - 5 rations


   Skills:
 + Level 3.1 Fighting
 + Level 2.2 Polearms
 + Level 3.2 Dodging
 + Level 1.1 Stealth
 + Level 3.3 Shields


You had one spell level left.
You didn't know any spells.
Your spell library was empty.

Dungeon Overview and Level Annotations

Branches:
Dungeon (2/15)

Altars:


Innate Abilities, Weirdness & Mutations

You cannot wear most types of armour.
You are very stealthy in the water. (Stealth+)
You are amphibious.
You can wear up to eight rings at the same time.
You can use your tentacles to constrict eight enemies at once.
Your skin changes colour to match your surroundings (Stealth+).
Your rubbery body absorbs attacks. (AC +1, EV +1)


Message History

A gnoll comes into view. It is wielding a +0 spear.
The gnoll moves out of view.
You block the kobold's attack.
The gnoll shouts! x2
You hit the kobold but do no damage.
The kobold is poisoned.
You grab the kobold. You constrict the kobold.
You hear a shout!
You kill the kobold!
A rat comes into view.
You block the gnoll's attack.
Things that are here:
10 stones; a scroll labeled NUFIEN BO WEU; a kobold corpse The gnoll hits you with a +0 spear.
You block the gnoll's attack.
You closely miss the gnoll. Your grab misses the gnoll.
Your squeeze misses the gnoll. The gnoll hits you with a +0 spear.
The gnoll hits you.
* * * LOW HITPOINT WARNING * * *
The gnoll barely misses you.
The gnoll hits you from afar with a +0 spear!
You die...

. #. #+ #+#######.. #.
###. #........ .#..
+...###.......
.....#......$..(.## #
...#.#..###..(..#######
#...#......)..# #....+
#.##..g##...(....# #.####
#.....gg@.......(###.####
#....###.........(.......
... #.........###.###. #
#%.....#.#.##.# #.
#......#...##.###.
##########.##..... #
...##..... #. #....#.#.
#.##........


You could see 3 gnolls.

Vanquished Creatures
  2 giant cockroaches
  4 goblins
  A hobgoblin (D:1)
  3 bats (D:1)
  5 frilled lizards
  5 kobolds
  4 rats
24 creatures vanquished.

Notes
Turn   | Place    | Note
-------+----------+-------------------------------------------
     0 | D:1      | Wonka the Octopode Fighter began the quest for the Orb.
     0 | D:1      | Reached XP level 1. HP: 16/16 MP: 1/1
   179 | D:1      | Reached XP level 2. HP: 21/21 MP: 2/2
   713 | D:2      | Reached skill level 1 in Stealth
   889 | D:2      | Mangled by a gnoll

Skill      XL: |  1  2 |
---------------+-------+-----
Stealth        | 1 |  1.1
Fighting       | |  3.1
Polearms       | |  2.2
Dodging        | |  3.2
Shields        | |  3.3

Action                   || total
-------------------------++-------
Melee: Trident           ||    28
       Tentacles         ||     6
       Constrict         ||    10
       Short sword       ||    24
 Stab: Sleeping          ||     4
Armor: Skin              ||     2
Dodge: Dodged            ||    16
Block: Shield            ||    24
